Workbook
Name WACC: Inputs!$B$10

Sheet Inputs
A1: ModelGuard Clean Sample
A2: Illustrative financial model QA fixture; no market data.
A4: Assumption | B4: Value | C4: Owner | D4: Source / Basis | E4: Date | F4: Rationale | G4: ModelGuard status
A5: Revenue Growth | B5: 0.08 | C5: Analyst | D5: Analyst assumption | E5: 2026-08-10 | F5: Scenario driver
A6: Operating Margin | B6: 0.22 | C6: Analyst | D6: Analyst assumption | E6: 2026-08-10 | F6: Operating case
A7: Cash Tax Rate | B7: 0.25 | C7: Analyst | D7: Analyst assumption | E7: 2026-08-10 | F7: Cash tax policy
A8: CapEx / Revenue | B8: 0.05 | C8: Analyst | D8: Analyst assumption | E8: 2026-08-10 | F8: Maintenance investment
A9: Change in NWC / Revenue | B9: 0.02 | C9: Analyst | D9: Analyst assumption | E9: 2026-08-10 | F9: Working capital investment
A10: WACC | B10: 0.09 | C10: Analyst | D10: Analyst assumption | E10: 2026-08-10 | F10: Discount rate
A11: Terminal Growth | B11: 0.025 | C11: Analyst | D11: Analyst assumption | E11: 2026-08-10 | F11: Gordon growth
A12: Diluted Shares | B12: 100 | C12: Finance | D12: Capitalization schedule | E12: 2026-08-10 | F12: Denominator
A13: Net Debt | B13: 500 | C13: Finance | D13: Debt and cash schedule | E13: 2026-08-10 | F13: Bridge input
A14: Other Equity Adjustments | B14: 0 | C14: Finance | D14: Declared none | E14: 2026-08-10 | F14: Explicitly declared zero

Sheet Income Statement
A1: Income Statement
A2: Illustrative USD millions
A4: Metric | B4: 2024A | C4: 2025E | D4: 2026E | E4: 2027E | F4: 2028E
A5: Revenue | B5: 1000 | C5: 1500 | D5: ==C5*(1+Inputs!$B$5) -> 1166.4 | E5: ==D5*(1+Inputs!$B$5) -> 1259.712 | F5: ==E5*(1+Inputs!$B$5) -> 1360.489
A6: EBIT | B6: ==B5*Inputs!$B$6 -> 220 | C6: ==C5*Inputs!$B$6 -> 237.6 | D6: ==D5*Inputs!$B$6 -> 256.608 | E6: ==E5*Inputs!$B$6 -> 277.137 | F6: ==F5*Inputs!$B$6 -> 299.307
A7: Net Income | B7: ==B6*(1-Inputs!$B$7) -> 165 | C7: ==C6*(1-Inputs!$B$7) -> 178.2 | D7: ==D6*(1-Inputs!$B$7) -> 192.456 | E7: ==E6*(1-Inputs!$B$7) -> 207.852 | F7: ==F6*(1-Inputs!$B$7) -> 224.48

Sheet Cash Flow
A1: Cash Flow
A2: Illustrative USD millions
A4: Metric | B4: 2024A | C4: 2025E | D4: 2026E | E4: 2027E | F4: 2028E
A5: Beginning Cash | B5: 100 | C5: ==B7 -> 150 | D5: ==C7 -> 200 | E5: ==D7 -> 250 | F5: ==E7 -> 300
A6: Net Change in Cash | B6: 50 | C6: ==C7-C5 -> 50 | D6: ==D7-D5 -> 50 | E6: ==E7-E5 -> 50 | F6: ==F7-F5 -> 50
A7: Ending Cash | B7: 150 | C7: ==C5+C6 -> 200 | D7: ==D5+D6 -> 250 | E7: ==E5+E6 -> 300 | F7: ==F5+F6 -> 350
A8: D&A | B8: 50 | C8: ==B5*0.05 -> 54 | D8: ==C5*0.05 -> 58.32 | E8: ==D5*0.05 -> 62.986 | F8: ==E5*0.05 -> 68.024
A9: CapEx | B9: 40 | C9: ==C5*Inputs!$B$8 -> 43.2 | D9: ==D5*Inputs!$B$8 -> 46.656 | E9: ==E5*Inputs!$B$8 -> 50.389 | F9: ==F5*Inputs!$B$8 -> 54.42
A10: Change in NWC | B10: 10 | C10: ==C5*Inputs!$B$9 -> 21.6 | D10: ==D5*Inputs!$B$9 -> 23.328 | E10: ==E5*Inputs!$B$9 -> 25.194 | F10: ==F5*Inputs!$B$9 -> 27.21
A11: FCFF | B11: ='Income Statement'!B6*(1-Inputs!$B$7)+B8-B9-B10 -> 165 | C11: ='Income Statement'!C6*(1-Inputs!$B$7)+C8-C9-C10 -> 167.4 | D11: ='Income Statement'!D6*(1-Inputs!$B$7)+D8-D9-D10 -> 180.792 | E11: ='Income Statement'!E6*(1-Inputs!$B$7)+E8-E9-E10 -> 195.255 | F11: ='Income Statement'!F6*(1-Inputs!$B$7)+F8-F9-F10 -> 210.874

Sheet Balance Sheet
A1: Balance Sheet
A2: Illustrative USD millions
A4: Metric | B4: 2024A | C4: 2025E | D4: 2026E | E4: 2027E | F4: 2028E
A5: Assets | B5: 700 | C5: ==B6+B7 -> 710 | D5: ==C6+C7 -> 720 | E5: ==D6+D7 -> 730 | F5: ==E6+E7 -> 742
A6: Liabilities | B6: 400 | C6: ==B13 -> 400 | D6: ==C13 -> 405 | E6: ==D13 -> 410 | F6: ==E13 -> 415
A7: Equity | B7: 300 | C7: =B5-B6 -> 310 | D7: =C5-C6 -> 315 | E7: =D5-D6 -> 320 | F7: =E5-E6 -> 327
A8: Beginning Retained Earnings | B8: 200 | C8: =B12 -> 345 | D8: =C12 -> 505.38 | E8: =D12 -> 678.59 | F8: =E12 -> 865.657
A9: Net Income | B9: 165 | C9: =='Income Statement'!C7 -> 178.2 | D9: =='Income Statement'!D7 -> 192.456 | E9: =='Income Statement'!E7 -> 207.852 | F9: =='Income Statement'!F7 -> 224.48
A10: Dividends | B10: 20 | C10: ==B9*0.1 -> 17.82 | D10: ==C9*0.1 -> 19.246 | E10: ==D9*0.1 -> 20.785 | F10: ==E9*0.1 -> 22.448
A11: Defined Adjustments | B11: 0 | C11: 0 | D11: 0 | E11: 0 | F11: 0
A12: Ending Retained Earnings | B12: 345 | C12: =C8+C9-C10+C11 -> 505.38 | D12: =D8+D9-D10+D11 -> 678.59 | E12: =E8+E9-E10+E11 -> 865.657 | F12: =F8+F9-F10+F11 -> 1067.689
A13: Total Debt | B13: 400 | C13: ='Debt Schedule'!C7 -> 405 | D13: ='Debt Schedule'!D7 -> 410 | E13: ='Debt Schedule'!E7 -> 415 | F13: ='Debt Schedule'!F7 -> 420

Sheet Debt Schedule
A1: Debt Schedule
A2: Illustrative USD millions
A4: Metric | B4: 2024A | C4: 2025E | D4: 2026E | E4: 2027E | F4: 2028E
A5: Current Debt | B5: 50 | C5: ==B7*0.12 -> 48.6 | D5: ==C7*0.12 -> 49.2 | E5: ==D7*0.12 -> 49.8 | F5: ==E7*0.12 -> 50.4
A6: Long-Term Debt | B6: 350 | C6: ==B7-B5 -> 356.4 | D6: ==C7-C5 -> 360.8 | E6: ==D7-D5 -> 365.2 | F6: ==E7-E5 -> 369.6
A7: Total Debt | B7: 400 | C7: ==C5+C6 -> 405 | D7: ==D5+D6 -> 410 | E7: ==E5+E6 -> 415 | F7: ==F5+F6 -> 420

Sheet DCF
A1: DCF
A2: Illustrative output; not an investment recommendation.
A4: Metric | B4: 2024A | C4: 2025E | D4: 2026E | E4: 2027E | F4: 2028E
A5: FCFF | B5: ='Cash Flow'!B11 -> 165 | C5: ='Cash Flow'!C11 -> 167.4 | D5: ='Cash Flow'!D11 -> 180.792 | E5: ='Cash Flow'!E11 -> 195.255 | F5: ='Cash Flow'!F11 -> 210.874
A6: Discount Factor | B6: ==1/(1+Inputs!$B$10)^1 -> 0.917431 | C6: ==1/(1+Inputs!$B$10)^2 -> 0.84168 | D6: ==1/(1+Inputs!$B$10)^3 -> 0.772183 | E6: ==1/(1+Inputs!$B$10)^4 -> 0.708425 | F6: ==1/(1+Inputs!$B$10)^5 -> 0.649931
A7: PV FCFF | B7: =B5*B6 -> 151.376 | C7: =C5*C6 -> 140.897 | D7: =D5*D6 -> 139.605 | E7: =E5*E6 -> 138.324 | F7: =F5*F6 -> 137.054
A8: Terminal Value | B8: =F5*(1+Inputs!$B$11)/(Inputs!$B$10-Inputs!$B$11) -> 3325.321
A9: Terminal Discount Factor | B9: =F6 -> 0.649931
A10: PV Terminal Value | B10: =B8*B9 -> 2161.229
A11: Enterprise Value | B11: =SUM(B7:F7)+B10 -> 2868.484
A12: Equity Value | B12: =B11-Inputs!B13+Inputs!B14 -> 2368.484
A13: Diluted Shares | B13: =Inputs!B12 -> 100
A14: Implied Share Value | B14: =B12/B13 -> 23.685
A15: Bad External Link

Sheet Scenarios
A1: Scenarios
A2: Policy heuristics are review signals, not universal truths.
A4: Assumption | B4: Bear | C4: Base | D4: Bull
A5: Revenue Growth | B5: 0.03 | C5: 0.08 | D5: 0.12
A6: Operating Margin | B6: 0.15 | C6: 0.22 | D6: 0.27
A7: WACC | B7: 0.11 | C7: 0.09 | D7: 0.08
A8: Terminal Growth | B8: 0.015 | C8: 0.025 | D8: 0.03
A9: Implied Share Value | B9: =B5*100+B6*20-B7*50+B8*10 -> 18 | C9: =C5*100+C6*20-C7*50+C8*10 -> 22.87 | D9: =D5*100+D6*20-D7*50+D8*10 -> 30
